 Dungeon Crawl Stone Soup version 0.26.1-11-gd32895ea62 (webtiles) character file.

Game seed: 17161808725877979411

362 nothank2 the Firebug (level 6, -1/45 HPs)
             Began as a Draconian Fire Elementalist on July 16, 2021.
             Slain by Pikel
             ... wielding a +1 whip of freezing
              (6 damage)
             ... on level 4 of the Dungeon.
             The game lasted 00:12:43 (3561 turns).

nothank2 the Firebug (Draconian Fire Elementalist)  Turns: 3561, Time: 00:12:44

Health: -1/45      AC:  7    Str: 11    XL:     6   Next: 39%
Magic:  7/11       EV: 12    Int: 17    God:
Gold:   176        SH:  0    Dex: 11    Spells: 4/12 levels left

rFire    . . .     SeeInvis .   p - +2 dagger (venom)
rCold    . . .     Faith    .   (no shield)
rNeg     . . .     Spirit   .   (armour unavailable)
rPois    .         Reflect  .   (helmet restricted)
rElec    .         Harm     .   g - +0 cloak
rCorr    .         Rampage  .   (no gloves)
Will     .....                  (no boots)
Stlth    +.........             (no amulet)
HPRegen  0.15/turn              (no ring)
MPRegen  0.12/turn              (no ring)

@: confused, slowed, very slow
A: unfitting armour, cold-blooded, AC +6
a: no special abilities


You were on level 4 of the Dungeon.
You visited 1 branch of the dungeon, and saw 4 of its levels.

You collected 176 gold pieces.

Inventory:

Hand Weapons
 b - a +0 dagger
 p - a +2 dagger of venom (weapon)
Missiles
 c - 3 boomerangs (quivered)
Armour
 g - a +0 cloak (worn)
Jewellery
 o - a +6 ring of intelligence {unknown}
Scrolls
 a - 6 scrolls of identify {unknown}
 h - a scroll of fear {unknown}
 j - 2 scrolls of blinking {unknown}
 k - 2 scrolls of remove curse {unknown}
 n - a scroll of teleportation {unknown}
Potions
 d - 2 potions of brilliance {unknown}
 e - a potion of attraction {unknown}
 f - a potion of haste
 l - 2 potions of magic {unknown}
 m - 3 potions of heal wounds {unknown}


   Skills:
 - Level 1.7 Dodging
 - Level 1.7 Stealth
 + Level 3.9 Spellcasting
 + Level 3.8 Conjurations
 + Level 4.8 Fire Magic


You had 4 spell levels left.
You knew the following spells:

 Your Spells              Type           Power        Failure   Level
a - Foxfire               Conj/Fire      72%          2%          1
b - Conjure Flame         Conj/Fire      18%          9%          3
c - Sticky Flame          Conj/Fire      18%          26%         4

Your spell library contained the following spells:

 Spells                   Type           Power        Failure   Level
 Inner Flame              Hex/Fire       11%          19%         3
 Fireball                 Conj/Fire      9%           58%         5


Dungeon Overview and Level Annotations

Branches:
Dungeon (4/15)
 Temple: D:4-7

Altars:
Xom
Yredelemnul

Annotations:
D:4 Pikel


Innate Abilities, Weirdness & Mutations

Your plain brown scales are hard. (AC +6)
You cannot fit into any form of body armour.
You are cold-blooded and may be slowed by cold attacks.


Message History

You feel yourself slow down. Pikel freezes you.
* * * LOW HITPOINT WARNING * * *
The lemure barely misses you.
You hit Pikel.
Pikel is poisoned.
Pikel is moderately wounded.
Pikel hits you with a +1 whip of freezing.
* * * LOW HITPOINT WARNING * * *
You feel as though you will be slow longer.
Pikel freezes you.
* * * LOW HITPOINT WARNING * * *
Pikel hits you but does no damage. The lemure barely misses you.
Pikel barely misses you.
You miss Pikel.
Pikel is moderately wounded.
Pikel closely misses you. The lemure hits you.
* * * LOW HITPOINT WARNING * * *
Pikel zaps a wand.
You resist with some effort. The lemure barely misses you.
You bump into the rock wall.
Pikel hits you with a +1 whip of freezing.
You die...

############.
#@55)$....... ..
#K##########.
#..####5#######
.......5W.....##
#..##.(†........
#.....#.########
#.#####†#
#.......#######
#######........


You could see Pikel (fast, very poisoned), a phantom and 4 lemures.

Vanquished Creatures
  An ogre (D:3)
  A scorpion (D:4)
  A hound (D:4)
  Jessica (D:2)
  An iguana (D:4)
  A hound skeleton (D:4)
  6 adders (D:3)
  A worm (D:3)
  5 leopard geckos
  9 orcs
  4 giant cockroaches
  6 goblins
  7 hobgoblins
  2 jackals (D:1)
  2 quokkas (D:3)
  A ball python (D:2)
  8 bats
  2 frilled lizards
  6 kobolds
  2 rats
67 creatures vanquished.

Vanquished Creatures (others)
  123 foxfires
  5 plants (D:3)
128 creatures vanquished.

Grand Total: 195 creatures vanquished

Notes
Turn   | Place    | Note
-------+----------+-------------------------------------------
     0 | D:1      | nothank2 the Draconian Fire Elementalist began the quest
                  | for the Orb.
     0 | D:1      | Reached XP level 1. HP: 14/14 MP: 3/3
   239 | D:1      | Reached XP level 2. HP: 20/20 MP: 1/5
   884 | D:2      | Found a shimmering altar of Xom.
   948 | D:2      | Noticed Jessica
   955 | D:2      | Killed Jessica
   956 | D:2      | Reached XP level 3. HP: 26/26 MP: 2/6
  1390 | D:2      | Learned a level 3 spell: Conjure Flame
  1570 | D:3      | Reached XP level 4. HP: 28/33 MP: 5/8
  2046 | D:3      | Reached skill level 4 in Fire Magic
  2286 | D:3      | Noticed an ogre
  2303 | D:3      | Killed an ogre
  2304 | D:3      | Reached XP level 5. HP: 19/38 MP: 2/10
  2460 | D:3      | Learned a level 4 spell: Sticky Flame
  2923 | D:3      | Found a basalt altar of Yredelemnul.
  3061 | D:3      | Found a faded altar of an unknown god.
  3269 | D:4      | Reached XP level 6. HP: 29/45 MP: 9/11
  3542 | D:4      | Noticed Pikel
  3561 | D:4      | Slain by Pikel

Illustrated notes

Levels and vault maps discovered:
D:1:      minmay_arrival_jagged, layout_loops_ring,
          wander_ebering_terrifying_dragon_lair
D:2:      wad_pebble_path, layout_rooms, lemuel_crystal_altar, uniq_jessica
D:3:      layout_rooms, lemuel_coloured_pillars_altar,
          chequers_ecumenical_altar_lobes, fountainhead
D:4:      layout_loops_ring, ebering_ghost_gozag, hangedman_decor_points,
          uniq_sigmund, uniq_pikel

Skill      XL: |  1  2  3  4 |
---------------+-------------+-----
Conjurations   | 2 3 |  3.8
Spellcasting   | 3 |  3.9
Fire Magic     | 4 |  4.8
Dodging        | |  1.7
Stealth        | |  1.7

Action                   |  1- 3 |  4- 6 || total
-------------------------+-------+-------++-------
Melee: Unarmed           |    12 |       ||    12
       Dagger            |    34 |    89 ||   123
       Tailslap          |     1 |     8 ||     9
Throw: Boomerang         |     8 |    14 ||    22
       Dart              |       |     4 ||     4
 Cast: Foxfire           |    40 |    33 ||    73
       Conjure Flame     |     2 |     3 ||     5
 Stab: Sleeping          |     3 |       ||     3
Armor: Skin              |    21 |    31 ||    52
Dodge: Dodged            |    43 |    65 ||   108
